Map: 滨海卫城-天梯版

Players

本名字仅供参考

  • Race: Zerg Zerg
  • League: Master

llllllllll - Winner!

  • Race: Protoss Protoss
  • League: Master

VOD

Have the link to the VOD?

Description

Time

  • Played on: July 14, 2019, 8:16 a.m.
  • Length: 6:37
Show
View Real Time Build Order
Export as new Build Order

本名字仅供参考 Zerg 

Build Orders: Hatch First 

Get SALT Encoding   

  12  0:01  Drone  
  13  0:12  Overlord  
  13  0:19  Drone  
  14  0:31  Drone x2  
  16  0:49  Hatchery  
  15  0:51  Drone  
  15  0:55  Drone  
  17  0:58  Drone  
  18  1:06  Extractor  
  18  1:07  Drone  
  18  1:20  Drone, Spawning Pool  
  18  1:33  Drone  
  19  1:46  Hatchery  
  18  1:50  Drone  
  19  2:00  Drone  
  20  2:09  Queen, Metabolic Boost  
  22  2:18  Queen  
  24  2:23  Drone  
  24  2:25  Drone  
  24  2:27  Drone  
  27  2:32  Overlord  
  27  2:35  Drone  
  28  2:50  Queen  
  30  2:53  Zergling x2  
  30  2:54  Queen, Zergling x2  
  34  2:59  Zergling x4  
  34  3:04  Drone  
  34  3:05  Drone x2  
  39  3:11  Queen  
  41  3:17  Spore Crawler  
  40  3:21  Spore Crawler  
  40  3:24  Drone  
  40  3:26  Drone  
  41  3:28  Drone, Spore Crawler  
  41  3:31  Drone  
  42  3:35  Overlord  
  42  3:50  Overlord x2  
  42  3:55  Overlord x2  
  42  4:02  Extractor  
  42  4:05  Roach Warren  
  40  4:13  Drone x2  
  40  4:14  Drone x4  
  46  4:17  Drone x2  
  46  4:18  Drone  
  46  4:21  Drone  
  50  4:26  Drone x2  
  51  4:40  Spine Crawler  
  51  4:42  Drone x2  
  52  4:47  Roach x3  
  52  4:48  Queen  
  60  4:59  Drone x3  
  63  5:00  Roach  
  63  5:01  Roach  
  63  5:03  Roach  
  63  5:05  Roach  
  71  5:07  Roach  
  71  5:11  Lair  
  73  5:15  Overlord  
  73  5:17  Overlord  
  64  5:36  Roach x7  
  64  5:44  Roach  
  51  5:51  Roach  
  47  5:59  Roach, Zergling x6  
  47  6:00  Zergling x6  
  47  6:03  Zergling x12  
  61  6:05  Zergling x2  
  61  6:11  Roach  
  46  6:12  Zergling x2  
  31  6:19  Zergling x2  
  31  6:20  Zergling x2  
Show
View Real Time Build Order
Export as new Build Order

llllllllll Protoss - Winner!

Build Orders: 1 Gate Expand 

Get SALT Encoding   

  12  0:00  Probe  
  13  0:12  Probe  
  14  0:21  Pylon  
  14  0:25  Probe  
  15  0:38  Probe  
  16  0:43  Gateway  
  16  0:46  Probe  
  16  0:51  Assimilator  
  16  0:54  Probe  
  18  1:06  Probe  
  19  1:18  Probe  
  20  1:27  Nexus  
  20  1:37  Cybernetics Core  
  20  1:39  Probe  
  21  1:50  Assimilator  
  21  1:51  Probe  
  21  1:54  Pylon  
  22  2:03  Probe  
  23  2:09  Sentry  
  23  2:14  Probe  
  25  2:19  Warp Gate  
  25  2:22  Probe  
  27  2:30  Stalker, Probe  
  30  2:39  Probe  
  30  2:42  Probe  
  32  2:47  Twilight Council  
  33  2:51  Probe  
  33  2:54  Probe  
  34  3:03  Probe  
  35  3:06  Probe  
  35  3:07  Robotics Facility  
  36  3:15  Probe  
  36  3:19  Gateway  
  38  3:23  Charge  
  38  3:33  Gateway  
  37  3:52  Warp Prism  
  37  3:56  Gateway  
  37  3:59  Gateway  
  37  4:01  Gateway x2  
  39  4:17  Gateway  
  39  4:18  Gateway  
  39  4:23  Adept  
  39  4:29  Zealot  
  39  4:30  Zealot  
  43  4:42  Pylon  
  43  4:44  Pylon  
  43  4:45  Pylon  
  43  4:46  Pylon  
  43  4:51  Pylon  
  43  5:01  Zealot x5  
  43  5:02  Zealot x2  
  57  5:13  Zealot x2  
  61  5:29  Zealot x8  
  63  5:48  Zealot  
  61  5:57  Zealot x6  
  61  5:58  Zealot  
  73  6:08  Pylon  
  73  6:11  Pylon  
  71  6:15  Zealot x2  
  71  6:16  Zealot x4  
  71  6:17  Zealot x2  
Tags
 
Add a new tag
Caveats
  • Supply blocks, unpowered buildings, or Contaminate may cause inaccurate times.
  • Supply counts are checked every 10 seconds.